 Dungeon Crawl Stone Soup version 0.30-a0-1085-g990a428a5c (webtiles) character file.

Game seed: 2037536677833551981

323 fortdeath9 the Trooper (level 6, -4/53 HPs)
             Began as a Ghoul Monk on Apr 16, 2023.
             Was a Follower of Nemelex Xobeh.
             Slain by a shadow (8 damage)
             ... created by the darkness of Dithmenos
             ... on level 3 of the Dungeon.
             The game lasted 00:17:28 (2148 turns).

fortdeath9 the Trooper (Ghoul Monk)                 Turns: 2148, Time: 00:17:29

Health: -4/53      AC:  6    Str: 17    XL:     6   Next: 47%
Magic:  5/5        EV: 13    Int:  5    God:    Nemelex Xobeh [*.....]
Gold:   140        SH:  0    Dex: 11    Spells: 5/5 levels left

rFire   . . .      SeeInvis .    h - +1 morningstar
rCold   + . .      Faith    .    c - orb {light}
rNeg    + + +      Spirit   .    a - +2 robe
rPois   ∞          Reflect  .    n - +2 hat
rElec   .          Rampage  .    (no cloak)
rCorr   .                        (no gloves)
Will    .....                    (no boots)
Stlth   +                        k - amulet of the acrobat
HPRegen 0.00/turn                (no ring)
MPRegen 0.09/turn                (no ring)

@: inhibited regen, glowing
A: claws 1, cold resistance 1, negative energy resistance 3, inhibited
regeneration, torment resistance 2, devour on kill
a: Renounce Religion, Draw Escape, Draw Destruction, Draw Summoning


You were on level 3 of the Dungeon.
You worshipped Nemelex Xobeh.
Nemelex Xobeh was aware of your devotion.
You visited 1 branch of the dungeon, and saw 3 of its levels.
You also visited: Sewer.

You collected 140 gold pieces.

Inventory:

Hand Weapons
 h - a +1 morningstar (weapon)
Missiles
 i - 3 poisoned darts (quivered)
Armour
 a - a +2 robe (worn)
 c - an orb of light (worn)
 n - a +2 hat (worn)
Jewellery
 k - an amulet of the acrobat (around neck)
Wands
 e - a wand of flame (22)
Scrolls
 b - a scroll of noise
 g - a scroll of teleportation
Potions
 d - a potion of ambrosia
 f - a potion of mutation {unknown}
 j - a potion of might {unknown}
 l - 2 potions of lignification {unknown}
 m - 3 potions of haste
 o - 2 potions of cancellation {unknown}
 q - a potion of heal wounds {unknown}


   Skills:
 + Level 4.3 Fighting
 + Level 4.0 Maces & Flails
 + Level 0.1 Throwing
 + Level 3.8 Dodging
 + Level 0.4 Stealth
 + Level 3.7 Unarmed Combat


You had 5 spell levels left.
You didn't know any spells.
Your spell library was empty.

Dungeon Overview and Level Annotations

Branches:
Dungeon (3/15)              Sewer (visited)

Altars:
Dithmenos
Nemelex Xobeh


Innate Abilities, Weirdness & Mutations

You are immune to poison.
You have sharp fingernails.
Your flesh is cold resistant. (rC+)
You are immune to negative energy. (rN+++)
You do not regenerate when monsters are visible.
You are immune to unholy pain and torment.
You thrive by killing the living.


Message History

The shadow flickers and vanishes for a moment.
The shadow hits you.
You barely miss the shadow.
The shadow is moderately damaged.
The shadow hits you!
* * * LOW HITPOINT WARNING * * *
The shadow slips into darkness.
The shadow flickers and vanishes for a moment.
The shadow hits you. x2
You draw a card...
You have drawn Wild Magic.
The shadow is blasted with magical energy!
The shadow has an odd expression for a moment.
The shadow completely resists.
You feel a surge of magic. The shadow misses you. The shadow barely misses you.
The shadow completely misses you. The shadow hits you.
* * * LOW HITPOINT WARNING * * *
You draw a card...
You have drawn the Elixir.
You begin rapidly regenerating health and magic.
The deck of cards disappears without a trace.
The shadow barely misses you. The shadow closely misses you.
The shadow slips into darkness.
The shadow flickers and vanishes for a moment.
The shadow hits you!
* * * LOW HITPOINT WARNING * * *
You sock the shadow!
The shadow is moderately damaged.
The shadow hits you.
* * * LOW HITPOINT WARNING * * *
The shadow slips into darkness.
The shadow flickers and vanishes for a moment.
You barely miss the shadow.
The shadow is severely damaged.
The shadow closely misses you.
The shadow slips into darkness.
The shadow flickers and vanishes for a moment.
You hit the shadow.
The shadow is severely damaged.
The shadow closely misses you. The shadow hits you!
You die...
Your body disappears without additional glow.

..# #.# #.# ...
#.# #.# ####W#
#..W@# #.#### #.#
###.#####
#.......#
#...##..#
#...##..#
#....#..# #####
#..#.#..#########


You could see 2 shadows.

Vanquished Creatures
  2 shadows (D:3)
  Pargi (Sewer)
  Jessica (D:3)
  A sleepcap (D:3)
  Natasha (D:3)
  6 adders (D:3)
  A white imp (D:3)
  6 worms (D:3)
  A dart slug (D:2)
  4 orcs (D:3)
  2 ball pythons (D:1)
  5 endoplasms
  3 giant cockroaches
  6 goblins
  6 hobgoblins
  4 kobolds
  3 quokkas
  5 bats
  15 frilled lizards
  7 rats
80 creatures vanquished.

Vanquished Creatures (others)
  2 plants (D:2)
2 creatures vanquished.

Grand Total: 82 creatures vanquished

Notes
Turn   | Place    | Note
-------+----------+-------------------------------------------
     0 | D:1      | fortdeath9 the Ghoul Monk began the quest for the Orb.
     0 | D:1      | Reached XP level 1. HP: 19/19 MP: 0/0
   114 | D:1      | Reached XP level 2. HP: 25/26 MP: 1/1
   533 | D:1      | Found a faded altar of an unknown god.
   535 | D:1      | Reached XP level 3. HP: 33/33 MP: 2/2
   544 | D:1      | Prayed at the altar of an unknown god.
   544 | D:1      | Became a worshipper of Dithmenos the Shadowed
   544 | D:1      | Reached * piety under Dithmenos
   544 | D:1      | Reached ** piety under Dithmenos
   889 | D:2      | Found a sparkling altar of Nemelex Xobeh.
   935 | D:2      | Reached *** piety under Dithmenos
  1029 | D:2      | Reached skill level 1 in Maces & Flails
  1294 | D:2      | Fell from the grace of Dithmenos
  1294 | D:2      | Became a worshipper of Nemelex Xobeh the Trickster
  1327 | D:3      | Reached XP level 4. HP: 34/40 MP: 3/3
  1339 | D:3      | Found a sparkling altar of Nemelex Xobeh.
  1560 | D:3      | Reached XP level 5. HP: 40/46 MP: 4/4
  1636 | D:3      | Found a glowing drain.
  1643 | Sewer    | Entered a sewer
  1732 | Sewer    | Noticed Pargi
  1753 | Sewer    | Killed Pargi
  1754 | Sewer    | Reached XP level 6. HP: 9/52 MP: 5/5
  1944 | D:3      | Noticed Jessica
  1946 | D:3      | Reached * piety under Nemelex Xobeh
  1949 | D:3      | Killed Jessica
  2059 | D:3      | Noticed Natasha
  2070 | D:3      | Killed Natasha
  2100 | D:3      | Received a gift from Nemelex Xobeh
  2127 | D:3      | Noticed a shadow
  2127 | D:3      | Noticed a shadow
  2127 | D:3      | Noticed a shadow
  2127 | D:3      | Noticed a shadow
  2134 | D:3      | Killed a shadow
  2138 | D:3      | Killed a shadow
  2148 | D:3      | Slain by a shadow

Illustrated notes

Levels and vault maps discovered:
D:1:      nzn_arrival_water_spiral, layout_basic,
          hellmonk_ecumenical_altar_prayer_group
D:2:      layout_rooms, basic_altar, minmay_lizard_king
D:3:      layout_loops_cross, mainiacjoe_overflow_concentric_impassable,
          lightli_sewer_entry_pipes, nicolae_titane, uniq_jessica, uniq_natasha

Skill      XL: |  1  2  3  4  5  6 |
---------------+-------------------+-----
Dodging        | 3 |  3.8
Maces & Flails | 1 2 3 4 |  4.0
Fighting       | 4 |  4.3
Throwing       | |  0.1
Stealth        | |  0.4
Unarmed Combat | |  3.7

Action                     |  1- 3 |  4- 6 || total
---------------------------+-------+-------++-------
  Melee: Unarmed           |    17 |       ||    17
         Mace              |    14 |       ||    14
         Morningstar       |    83 |   124 ||   207
  Throw: Dart              |     1 |     4 ||     5
 Invoke: Draw Destruction  |       |     2 ||     2
         Draw Escape       |       |     1 ||     1
    Use: Scroll            |     5 |     5 ||    10
   Stab: Sleeping          |     1 |       ||     1
 Armour: Robe              |    18 |    69 ||    87
  Dodge: Dodged            |    80 |   138 ||   218

Table legend: (Time is in decaauts)
 A = Elapsed time spent in this place.
 B = Non-inter-level travel time spent in this place.
 C = Inter-level travel time spent in this place.
 D = Time resting spent in this place.
 E = Time spent auto-exploring this place.
 F = Levels seen in this place.
 G = Mean time per level.
                   A        B        C        D        E       F      G
               +--------+--------+--------+--------+--------+-----+--------+
         Total |   2306 |   2272 |     34 |      0 |    889 |   4 |  576.5 |
       Dungeon |   2125 |   2091 |     34 |      0 |    889 |   3 |  708.3 |
         Sewer |    181 |    181 |      0 |      0 |      0 |   1 |  181.0 |
               +--------+--------+--------+--------+--------+-----+--------+

Top non-repeatable levels by time:
     D:1: 803 daAuts
     D:3: 772 daAuts
     D:2: 548 daAuts
   Sewer: 181 daAuts
